 Dungeon Crawl Stone Soup version 0.22-a0-407-gb098539 (webtiles) character file.

1226 galech the Protected (level 8, 0/67 HPs)
             Began as a Gnoll Wanderer on May 9, 2018.
             Was an Initiate of Okawaru.
             Slain by a wight
             ... wielding a +4 war axe of freezing
              (9 damage)
             ... on level 6 of the Dungeon.
             The game lasted 00:08:16 (4406 turns).

galech the Protected (Gnoll Wanderer)               Turns: 4406, Time: 00:08:17

Health: 0/67       AC: 12    Str: 17    XL:     8   Next: 47%
Magic:  12/12      EV: 11    Int: 17    God:    Okawaru [......]
Gold:   209        SH:  0    Dex: 15    Spells: 13/13 levels left

rFire    + . .     SeeInvis .   F - +6 whip "Dufoshil" {drain, *Slow rF+ rN+ Str+3}
rCold    . . .     Gourm    .   (no shield)
rNeg     + . .     Faith    .   l - +0 scale mail
rPois    +         Spirit   .   y - +0 helmet
rElec    .         Reflect  .   u - +0 cloak
rCorr    .         Harm     .   e - +0 pair of gloves
MR       .....                  (no boots)
Stlth    +.........             p - amulet of regeneration
HPRegen  0.61/turn              J - ring of wizardry
MPRegen  0.13/turn              s - ring of poison resistance

@: drained
A: distributed training, fangs 1, strong nose
a: Renounce Religion


You were on level 6 of the Dungeon.
You worshipped Okawaru.
Okawaru was noncommittal.
You were not hungry.

You visited 1 branch of the dungeon, and saw 6 of its levels.

You collected 209 gold pieces.

Inventory:

Hand Weapons
 a - a +2 mace
 x - the +7 hunting sling of Moderation {flame, +Blink rF++ Str+2 Dex-4}
   (You found it on level 4 of the Dungeon)

   It causes projectiles fired from it to burn those they strike, causing extra
   injury to most foes and up to half again as much damage against particularly
   susceptible opponents.
   It affects your strength (+2).
   It affects your dexterity (-4).
   It greatly protects you from fire.
   It lets you blink.
 F - the +6 whip "Dufoshil" (weapon) {drain, *Slow rF+ rN+ Str+3}
   (You found it on level 5 of the Dungeon)

   A truly terrible weapon, it drains the life of those it strikes.
   It affects your strength (+3).
   It protects you from fire.
   It protects you from negative energy.
   It may slow you when you take damage.
Missiles
 i - 64 arrows
 o - 148 stones (quivered)
Armour
 e - a +0 pair of gloves (worn)
 l - a +0 scale mail (worn)
 u - a +0 cloak (worn)
 y - a +0 helmet (worn)
Jewellery
 m - an uncursed ring of flight
 p - an amulet of regeneration (around neck)
 s - a ring of poison resistance (right hand)
 B - an uncursed ring of fire
 J - a ring of wizardry (left hand)
Scrolls
 f - 11 scrolls of identify {unknown}
 g - 2 scrolls of noise {unknown}
 h - a scroll of fear {unknown}
 j - 2 scrolls of enchant armour {unknown}
 n - 4 scrolls of teleportation {unknown}
 t - 5 scrolls of enchant weapon {unknown}
 w - a scroll of remove curse
 H - 2 scrolls of immolation {unknown}
Potions
 b - 2 potions of lignification
 c - a potion of degeneration {unknown}
 k - a potion of invisibility {unknown}
 q - 3 potions of might {unknown}
 r - 2 potions of resistance {unknown}
 v - a potion of agility {unknown}
 z - a potion of curing {unknown}
 A - a potion of magic {unknown}
 C - a potion of heal wounds {unknown}
 D - a potion of mutation {unknown}
 E - a potion of haste {unknown}
 G - a potion of flight {unknown}
Comestibles
 d - 10 rations
 I - 3 chunks of flesh


   Skills:
 + Level 7.3(6.8) Fighting
 + Level 3.2(2.7) Short Blades
 + Level 3.2(2.7) Long Blades
 + Level 3.2(2.7) Axes
 + Level 4.2(3.7) Maces & Flails
 + Level 3.2(2.7) Polearms
 + Level 3.2(2.7) Staves
 + Level 3.2(2.7) Slings
 + Level 3.2(2.7) Bows
 + Level 3.2(2.7) Crossbows
 + Level 3.2(2.7) Throwing
 + Level 9.1(8.5) Armour
 + Level 3.2(2.7) Dodging
 + Level 4.0(3.5) Stealth
 + Level 3.2(2.7) Shields
 + Level 3.2(2.7) Unarmed Combat
 + Level 3.2(2.7) Spellcasting
 + Level 2.6(2.1) Conjurations
 + Level 2.6(2.1) Hexes
 + Level 2.6(2.1) Charms
 + Level 2.6(2.1) Summonings
 + Level 2.6(2.1) Necromancy
 + Level 2.6(2.1) Translocations
 + Level 2.6(2.1) Transmutations
 + Level 2.6(2.1) Fire Magic
 + Level 2.6(2.1) Ice Magic
 + Level 2.6(2.1) Air Magic
 + Level 2.6(2.1) Earth Magic
 + Level 2.6(2.1) Poison Magic
 + Level 3.5(3.0) Invocations
 + Level 4.2(3.7) Evocations


You had 13 spell levels left.
You didn't know any spells.

Dungeon Overview and Level Annotations

Branches:
Dungeon (6/15)             Temple (0/1) D:6

Altars:
Ashenzari
Cheibriados
Dithmenos
Gozag
Hepliaklqana
Makhleb
Okawaru
Wu Jian
Zin

Shops:
D:4 ([=*


Innate Abilities, Weirdness & Mutations

Your experience applies equally to all skills.
You have very sharp teeth.
Your uncanny sense of smell can sniff out nearby items.


Message History

The wight is severely damaged.
The wight closely misses you. The wight hits you but does no damage.
You whack the wight!
You destroy the wight!
Okawaru accepts your kill.
The wight hits you with a war axe of freezing!
* * * LOW HITPOINT WARNING * * *
You partially resist.
You feel drained.
* * * LOW HITPOINT WARNING * * *
The wight freezes you.
* * * LOW HITPOINT WARNING * * *
You whack the wight! Your bite misses the wight.
The wight is heavily damaged.
The wight hits you but does no damage.
You hit the wight. You bite the wight, but do no damage.
The wight is almost destroyed.
You barely miss the wight.
The wight is almost destroyed.
The wight hits you with a war axe of freezing!
You die...

#.......# #.#...#.#
#.#.#.#.####. #.#..........
#.#.....##### #####
#.......#... ....###
#.......#.## . ###...#
#.##)......### ... ......#
#.##z@.......##..#. .##...#
#.#####.#...†...... ###...#
#.#####.#.#...#..##
###...######.......#........#
........##.......#####...##)#
#...)......(...#.# #...#
..... #.......##.^##.#.#
#...# #.#. #.#...####.....#.#
#...#####... #.....#
#.##..#.#####...........


You could see a wight.

Vanquished Creatures
  Grinder (D:2)
  The ghost of dstrtnsr the Chopper, an amateur HOBe of Trog (D:4)
  4 wights
  A howler monkey (D:5)
  2 crimson imps
  A bullfrog zombie (D:5)
  2 hounds
  A jelly (D:6)
  A centaur skeleton (D:6)
  An orc priest (D:3)
  2 bullfrog skeletons (D:4)
  9 worker ants
  An iguana (D:5)
  3 orc wizards
  A hound skeleton (D:5)
  3 adders
  3 leopard geckos
  22 orcs
  A ball python (D:2)
  A giant cockroach (D:5)
  4 goblins
  4 hobgoblins
  6 jackals
  2 quokkas
  10 bats
  3 frilled lizards
  3 kobolds
  A quokka skeleton (D:4)
  3 rats
97 creatures vanquished.

Notes
Turn   | Place    | Note
-------+----------+-------------------------------------------
     0 | D:1      | galech the Gnoll Wanderer began the quest for the Orb.
     0 | D:1      | galech set off with: a +2 mace, a potion of lignification, a +0 ring mail, a ration
     0 | D:1      | Reached XP level 1. HP: 23/23 MP: 2/2
   272 | D:1      | Reached XP level 2. HP: 25/29 MP: 3/3
   990 | D:2      | Reached XP level 3. HP: 32/35 MP: 4/4
  1031 | D:2      | Reached skill level 1 in Invocations
  1123 | D:2      | Found a snail-covered altar of Cheibriados.
  1373 | D:3      | Noticed Grinder
  1383 | D:3      | Paralysed by Grinder for 4 turns
  1480 | D:2      | Paralysed by Grinder for 7 turns
  1591 | D:3      | Reached skill level 1 in Short Blades
  1591 | D:3      | Reached skill level 1 in Long Blades
  1591 | D:3      | Reached skill level 1 in Axes
  1591 | D:3      | Reached skill level 1 in Polearms
  1591 | D:3      | Reached skill level 1 in Staves
  1591 | D:3      | Reached skill level 1 in Slings
  1591 | D:3      | Reached skill level 1 in Bows
  1591 | D:3      | Reached skill level 1 in Crossbows
  1591 | D:3      | Reached skill level 1 in Throwing
  1591 | D:3      | Reached skill level 1 in Dodging
  1591 | D:3      | Reached skill level 1 in Shields
  1591 | D:3      | Reached skill level 1 in Unarmed Combat
  1591 | D:3      | Reached skill level 1 in Spellcasting
  1787 | D:3      | Reached XP level 4. HP: 41/41 MP: 6/6
  2064 | D:4      | Reached skill level 1 in Conjurations
  2064 | D:4      | Reached skill level 1 in Hexes
  2064 | D:4      | Reached skill level 1 in Charms
  2064 | D:4      | Reached skill level 1 in Summonings
  2064 | D:4      | Reached skill level 1 in Necromancy
  2064 | D:4      | Reached skill level 1 in Translocations
  2064 | D:4      | Reached skill level 1 in Transmutations
  2064 | D:4      | Reached skill level 1 in Fire Magic
  2064 | D:4      | Reached skill level 1 in Ice Magic
  2064 | D:4      | Reached skill level 1 in Air Magic
  2064 | D:4      | Reached skill level 1 in Earth Magic
  2064 | D:4      | Reached skill level 1 in Poison Magic
  2075 | D:4      | Got a crude hunting sling
  2076 | D:4      | Identified the +7 hunting sling of Moderation {flame, +Blink rF++ Str+2 Dex-4} (You found it on level 4 of the Dungeon)
  2166 | D:4      | Found a shadowy altar of Dithmenos.
  2191 | D:4      | Reached XP level 5. HP: 47/47 MP: 7/7
  2302 | D:4      | Reached XP level 6. HP: 53/53 MP: 8/8
  2311 | D:4      | Noticed dstrtnsr's ghost (amateur HOBe)
  2319 | D:4      | Killed dstrtnsr's ghost
  2353 | D:4      | Found Ibet's Antique Weapon Boutique.
  2577 | D:4      | Found Loaw's Armour Shop.
  2668 | D:4      | Found Qiepy's Jewellery Boutique.
  2773 | D:4      | Found Alossof's Assorted Antiques.
  3011 | D:4      | Reached XP level 7. HP: 59/59 MP: 10/10
  3287 | D:2      | Killed Grinder
  3356 | D:5      | Entered Level 5 of the Dungeon
  3356 | D:5      | Found an opulent altar of Gozag.
  3356 | D:5      | Found a burning altar of Makhleb.
  3356 | D:5      | Found an ornate altar of the Wu Jian Council.
  3359 | D:5      | Found a shattered altar of Ashenzari.
  3360 | D:5      | Found a glowing silver altar of Zin.
  3390 | D:5      | Reached skill level 9 in Armour
  3409 | D:5      | Got a pitted whip
  3410 | D:5      | Identified the +6 whip "Dufoshil" {drain, *Slow rF+ rN+ Str+3} (You found it on level 5 of the Dungeon)
  3482 | D:5      | Reached XP level 8. HP: 67/67 MP: 12/12
  3621 | D:5      | Found an iron altar of Okawaru.
  3628 | D:5      | Became a worshipper of Warmaster Okawaru
  3762 | D:5      | Found a hazy altar of Hepliaklqana.
  4203 | D:6      | Found a staircase to the Ecumenical Temple.
  4406 | D:6      | Slain by a wight

Vault maps used:
D:1:      scummos_arrival_checkerplants
D:2:      nicolae_overflow_crystal_walls
D:3:      first_ration, uniq_grinder
D:4:      grunt_dithmenos_smoke, serial_shops, shop, nicolae_shop_behind_doors,
          shop, nicolae_shop_waterfront
D:5:      kennysheep_mini_moat, okawaru_gym_becter, grunt_temple_overflow_open
D:6:      temple_statues, uniq_edmund

Skill      XL: |  1  2  3  4  5  6  7  8 |
---------------+-------------------------+-----
Invocations    | 1 2 3 |  3.5
Short Blades   | 1 2 3 |  3.2
Long Blades    | 1 2 3 |  3.2
Axes           | 1 2 3 |  3.2
Polearms       | 1 2 3 |  3.2
Staves         | 1 2 3 |  3.2
Slings         | 1 2 3 |  3.2
Bows           | 1 2 3 |  3.2
Crossbows      | 1 2 3 |  3.2
Throwing       | 1 2 3 |  3.2
Dodging        | 1 2 3 |  3.2
Shields        | 1 2 3 |  3.2
Unarmed Combat | 1 2 3 |  3.2
Spellcasting   | 1 2 3 |  3.2
Conjurations   | 1 2 |  2.6
Hexes          | 1 2 |  2.6
Charms         | 1 2 |  2.6
Summonings     | 1 2 |  2.6
Necromancy     | 1 2 |  2.6
Translocations | 1 2 |  2.6
Transmutations | 1 2 |  2.6
Fire Magic     | 1 2 |  2.6
Ice Magic      | 1 2 |  2.6
Air Magic      | 1 2 |  2.6
Earth Magic    | 1 2 |  2.6
Poison Magic   | 1 2 |  2.6
Maces & Flails | 3 4 |  4.2
Evocations     | 3 4 |  4.2
Stealth        | 3 4 |  4.0
Fighting       | 7 |  7.3
Armour         | 9 |  9.1

Action                   |  1- 3 |  4- 6 |  7- 9 || total
-------------------------+-------+-------+-------++-------
Melee: Mace              |   100 |    13 |       ||   113
       Bite              |     6 |       |     9 ||    15
       Whip              |       |       |   100 ||   100
       Punch             |       |       |     1 ||     1
 Fire: Hunting sling     |       |    61 |    31 ||    92
  Use: Scroll            |     1 |       |       ||     1
  Eat: Chunk             |     3 |     3 |     2 ||     8
       Ration            |       |       |     1 ||     1
Armor: Scale mail        |    76 |    24 |    58 ||   158
       Ring mail         |     2 |       |       ||     2
Dodge: Dodged            |    76 |    23 |    67 ||   166

Table legend:
 A = Spawn XP
 B = Non-spawn XP
 C = Spawn XP percentage of total XP
 D = Spawn monster count
 E = Non-spawn monster count
 F = Spawn count percentage of total count
 G = Total turns spent on level
                    A         B        C        D         E        F      G
               +---------+---------+-------+---------+---------+-------+---------
         Total |       0 |    1752 |   0.0 |       0 |      97 |   0.0 |  4406
               +---------+---------+-------+---------+---------+-------+---------
           D:1 |       0 |      26 |   0.0 |       0 |      16 |   0.0 |   833
           D:2 |       0 |     305 |   0.0 |       0 |      10 |   0.0 |   747
           D:3 |       0 |      67 |   0.0 |       0 |      13 |   0.0 |   736
           D:4 |       0 |     519 |   0.0 |       0 |      22 |   0.0 |  1040
           D:5 |       0 |     444 |   0.0 |       0 |      22 |   0.0 |   800
           D:6 |       0 |     391 |   0.0 |       0 |      14 |   0.0 |   250
               +---------+---------+-------+---------+---------+-------+---------
